 Dungeon Crawl Stone Soup version 0.31.0-32-g396128a36d (webtiles) character file.

Game seed: 17060049127809449569

1765618 concernfroge the Crack Shot (level 27, 142/177 HPs)
             Began as a Gnoll Reaver on Apr 20, 2024.
             Was an Initiate of Gozag.
             Escaped with the Orb
             ... and 4 runes on Apr 23, 2024!
             The game lasted 11:01:00 (115105 turns).

concernfroge the Crack Shot (Gnoll Reaver)        Turns: 115105, Time: 11:01:00

Health: 142/177    AC: 28    Str: 13    XL:     27
Magic:  24/46      EV: 17    Int: 30    God:    Gozag
Gold:   3933       SH: 25    Dex: 14    Spells: 9/65 levels left

rFire   + + +        a - +3 Elemental Staff {ele, rElec rF+ rC+ AC+3}
rCold   + + .        U - +5 kite shield {rC+}
rNeg    + + .        b - +0 fire dragon scales
rPois   +            (helmet restricted)
rElec   +            d - +0 cloak {rCorr}
rCorr   +            N - +2 pair of gloves {Stlth+}
SInv    +            V - +2 pair of boots "Doumip" {Fly rPois rN+}
Will    +++..        D - amulet of reflection
Stlth   +++          y - ring of Pamoar {rElec rC+ rN+ Slay-3 SInv}
HPRegen 0.49/turn    Q - ring of Tinaimm {Will+ Int+6 Slay+2}
MPRegen 0.30/turn

%: reflection
@: flying, very slightly contaminated, studying 3 skills
A: fangs 1, strong nose, distributed training, horns 1, agile 1, frail 2, shaggy
fur 1, sturdy frame 1, persistent drain
0: Orb of Zot
}: 4/15 runes: serpentine, barnacled, silver, abyssal
a: Renounce Religion, Potion Petition, Call Merchant, Bribe Branch


You escaped.
You worshipped Gozag.
Gozag was most pleased with you.
You visited 10 branches of the dungeon, and saw 48 of its levels.
You visited the Abyss 1 time.
You also visited: Trove, Ice Cave and Volcano.

You collected 30235 gold pieces.
You spent 15365 gold pieces at shops.
You paid 10937 gold pieces to Gozag.

Inventory:

Hand Weapons
 a - the +3 Elemental Staff (weapon) {ele, rElec rF+ rC+ AC+3}
   (You found it on level 3 of the Depths)

   AC+3:      It affects your AC (+3).
   rF+:       It protects you from fire.
   rC+:       It protects you from cold.
   rElec:     It insulates you from electricity.
Missiles
 g - 5 throwing nets
 v - 7 silver javelins
 P - 49 boomerangs
 X - 14 javelins (quivered)
Armour
 b - +0 fire dragon scales (worn)
 d - a +0 cloak of preservation (worn)
 x - a +2 helmet
 B - +12 gold dragon scales
 N - a +2 pair of gloves of stealth (worn)
 T - a scarf of repulsion
 U - a +5 kite shield of cold resistance (worn)
 V - the +2 pair of boots "Doumip" (worn) {Fly rPois rN+}
   (You bought it in a shop on level 1 of the Depths)

   rPois:     It protects you from poison rN+: It protects you from negative
   energy.
   Fly:       It grants you flight.
Jewellery
 h - an amulet of the acrobat
 y - the ring of Pamoar (left hand) {rElec rC+ rN+ Slay-3 SInv}
   (You took it off a deep elf blademaster on level 3 of the Elven Halls)

   [ring of see invisible]

   Slay-3:    It affects your accuracy & damage with ranged weapons and melee
   (-3).
   rC+:       It protects you from cold.
   rElec:     It insulates you from electricity.
   rN+:       It protects you from negative energy.
   SInv:      It lets you see invisible.
 D - an amulet of reflection (around neck)
 Q - the ring of Tinaimm (right hand) {Will+ Int+6 Slay+2}
   (You took it off a deep elf blademaster on level 3 of the Elven Halls)

   [ring of willpower]

   Int+6:     It affects your intelligence (+6).
   Slay+2:    It affects your accuracy & damage with ranged weapons and melee
   (+2).
   Will+:     It increases your willpower.
Wands
 p - a wand of charming (47)
 t - a wand of iceblast (17)
 A - a wand of flame (5)
 G - a wand of polymorph (37)
 H - a wand of digging (8)
 J - a wand of mindburst (69)
 M - a wand of acid (21)
Scrolls
 c - 6 scrolls of amnesia
 k - 15 scrolls of teleportation
 o - 7 scrolls of vulnerability
 q - a scroll of silence
 r - a scroll of revelation
 s - 8 scrolls of immolation
 u - 7 scrolls of blinking
 w - 6 scrolls of fog
 z - 3 scrolls of noise
 C - 11 scrolls of fear
Potions
 i - 14 potions of curing
 j - 2 potions of brilliance
 l - 8 potions of invisibility
 m - 2 potions of cancellation
 n - 13 potions of attraction
 I - 7 potions of resistance
 K - a potion of heal wounds
 L - 6 potions of lignification
 O - 7 potions of enlightenment
 S - 14 potions of ambrosia
 W - a potion of magic
Miscellaneous
 e - a phial of floods
 f - a lightning rod (4/4)
 F - a phantom mirror
 Y - a tin of tremorstones (2/2)
 Z - a sack of spiders


   Skills:
 + Level 19.5 Fighting
 + Level 19.0 Short Blades
 + Level 21.5 Long Blades
 + Level 19.0 Axes
 + Level 23.0 Maces & Flails
 + Level 19.9 Polearms
 + Level 19.0 Staves
 + Level 23.0 Ranged Weapons
 + Level 19.0 Throwing
 + Level 19.0 Armour
 + Level 19.5 Dodging
 + Level 19.0 Stealth
 + Level 19.0 Shields
 + Level 19.0 Unarmed Combat
 + Level 19.5 Spellcasting
 + Level 17.0 Conjurations
 + Level 16.2 Hexes
 + Level 16.2 Summonings
 + Level 16.2 Necromancy
 + Level 16.2 Translocations
 + Level 16.2 Fire Magic
 + Level 16.2 Ice Magic
 + Level 16.2 Air Magic
 + Level 16.2 Earth Magic
 + Level 16.2 Alchemy
 + Level 20.5 Invocations
 + Level 19.0 Evocations
 + Level 17.6 Shapeshifting


You had 9 spell levels left.
You knew the following spells:

 Your Spells              Type           Power      Damage    Failure   Level
a - Kiss of Death         Conj/Necr      100%       2d13      0%          1
b - Metabolic Englaciati  Hex/Ice        56%        N/A       1%          5
c - Hailstorm             Conj/Ice       100%       3d16      0%          3
d - Sting                 Conj/Alch      100%       1d9       0%          1
e - Mercury Vapours       Alch/Air       100%       N/A       0%          2
f - Olgreb's Toxic Radia  Alch           91%        N/A       1%          4
g - Blink                 Tloc           100%       N/A       0%          2
h - Irradiate             Conj/Alch      46%        3d27      1%          5
i - Ozocubu's Armour      Ice            100%       N/A       0%          3
j - Fireball              Conj/Fire      57%        3d22      1%          5
k - Iskenderun's Mystic   Conj/Tloc      92%        2d18      1%          4
l - Sublimation of Blood  Necr           91%        N/A       0%          2
m - Plasma Beam           Fire/Air       68%        2x1d85    1%          6
n - Stone Arrow           Conj/Erth      100%       3d13      0%          3
o - Ignite Poison         Fire/Alch      100%       N/A       1%          4
p - Bombard               Conj/Erth      57%        9d9       1%          6

Your spell library contained the following spells:

 Spells                   Type           Power      Damage    Failure   Level
 Apportation              Tloc           100%       N/A       0%          1
 Foxfire                  Conj/Fire      100%       2x1d9     0%          1
 Freeze                   Ice            100%       1d10      0%          1
 Magic Dart               Conj           100%       1d8       0%          1
 Necrotise                Necr           100%       1d9       0%          1
 Sandblast                Erth           100%       2d20      0%          1
 Shock                    Conj/Air       100%       1d9       0%          1
 Slow                     Hex            100%       N/A       0%          1
 Call Imp                 Summ           100%       N/A       0%          2
 Cigotuvi's Dreadful Rot  Necr/Alch/Air  100%       N/A       0%          2
 Ensorcelled Hibernation  Hex/Ice        100%       N/A       0%          2
 Jinxbite                 Hex            100%       N/A       0%          2
 Lesser Beckoning         Tloc           100%       N/A       0%          2
 Momentum Strike          Conj/Tloc      100%       3d10      0%          2
 Searing Ray              Conj           100%       2d8       0%          2
 Confusing Touch          Hex            91%        N/A       0%          3
 Dazzling Flash           Conj/Hex       100%       N/A       0%          3
 Frozen Ramparts          Ice            100%       1d16      0%          3
 Gell's Gravitas          Tloc           91%        N/A       0%          3
 Inner Flame              Hex/Fire       100%       N/A       0%          3
 Mephitic Cloud           Conj/Alch/Air  100%       N/A       0%          3
 Passwall                 Erth           100%       N/A       0%          3
 Sigil of Binding         Hex            91%        N/A       0%          3
 Summon Ice Beast         Ice/Summ       100%       N/A       0%          3
 Swiftness                Air            100%       N/A       0%          3
 Teleport Other           Tloc           91%        N/A       0%          3
 Tukima's Dance           Hex            91%        N/A       0%          3
 Vampiric Draining        Necr           91%        2d12      0%          3
 Volatile Blastmotes      Fire/Tloc      100%       2d18      0%          3
 Airstrike                Air            56%        2d(9-25)  1%          4
 Animate Armour           Summ/Erth      100%       N/A       1%          4
 Brom's Barrelling Bould  Conj/Erth      100%       2d11      1%          4
 Cause Fear               Hex            45%        N/A       1%          4
 Dimensional Bullseye     Hex/Tloc       45%        N/A       1%          4
 Dispel Undead            Necr           91%        3d29      1%          4
 Flame Wave               Conj/Fire      100%       2d21      1%          4
 Fulminant Prism          Conj/Alch      46%        3d20      1%          4
 Leda's Liquefaction      Alch/Erth      56%        N/A       1%          4
 Manifold Assault         Tloc           91%        N/A       1%          4
 Martyr's Knell           Necr/Summ      91%        N/A       1%          4
 Passage of Golubria      Tloc           91%        N/A       1%          4
 Petrify                  Alch/Erth      100%       N/A       1%          4
 Sticky Flame             Fire/Alch      100%       2d15      1%          4
 Summon Blazeheart Golem  Fire/Summ      100%       N/A       1%          4
 Vhi's Electric Charge    Tloc/Air       100%       N/A       1%          4
 Alistair's Intoxication  Alch           60%        N/A       1%          5
 Arcjolt                  Conj/Air       57%        1d67      1%          5
 Curse of Agony           Necr           91%        N/A       1%          5
 Freezing Cloud           Conj/Ice/Air   69%        6-21      1%          5
 Iskenderun's Battlesphe  Conj           93%        2d14      1%          5
 Lee's Rapid Deconstruct  Erth           56%        3d26*     1%          5
 Summon Forest            Summ/Tloc      45%        N/A       1%          5
 Summon Mana Viper        Hex/Summ       91%        N/A       1%          5
 Yara's Violent Unravell  Hex/Alch       45%        3d18      1%          5
 Death Channel            Necr           45%        N/A       1%          6
 Dispersal                Tloc           45%        N/A       1%          6
 Eringya's Noxious Bog    Alch           45%        4d6       1%          6
 Sculpt Simulacrum        Ice/Alch       56%        N/A       1%          6
 Starburst                Conj/Fire      57%        6d15      1%          6
 Summon Cactus Giant      Summ           45%        N/A       1%          6
 Orb of Destruction       Conj           46%        9d12      3%          7
 Spellforged Servitor     Conj/Summ      46%        N/A       3%          7
 Monstrous Menagerie      Summ           45%        N/A       4%          7
 Ozocubu's Refrigeration  Ice            56%        4d20      4%          7
 Summon Hydra             Summ           45%        N/A       4%          7
 Lehudib's Crystal Spear  Conj/Erth      57%        10d13     30%         8
 Discord                  Hex            45%        N/A       34%         8
 Disjunction              Tloc           45%        N/A       34%         8
 Ignition                 Fire           56%        3d15      34%         8
 Maxwell's Capacitive Co  Air            56%        ∞         34%         8
 Chain Lightning          Conj/Air       57%        3d76      99%         9
 Dragon's Call            Summ           45%        N/A       99%         9
 Fire Storm               Conj/Fire      57%        8d14      99%         9
 Shatter                  Erth           56%        3d42*     99%         9


Dungeon Overview and Level Annotations

Branches:
Dungeon (15/15)            Temple (1/1) D:7            Lair (5/5) D:10
 Shoals (4/4) Lair:2        Snake (4/4) Lair:3        Slime (0/5) Lair:5
    Orc (2/2) D:12            Elf (3/3) Orc:2        Vaults (5/5) D:13
  Crypt (0/3) Vaults:2     Depths (4/4) D:15            Zot (5/5) Depths:4
  IceCv (visited)         Volcano (visited)

Altars:
Ashenzari
Cheibriados
Dithmenos
Elyvilon
Fedhas
Gozag
Hepliaklqana
Kikubaaqudgha
Makhleb
Nemelex Xobeh
Okawaru
Qazlal
Ru
Sif Muna
Trog
Uskayaw
Vehumet
Wu Jian
Xom
Yredelemnul
Zin
The Shining One
Jiyva

Shops:
D:3 *(?   D:10 :   Orc:1 =   Orc:2 :!!(?   Elf:1 [   Elf:2 !   Shoals:1 =
Shoals:2 [   Shoals:4 :!:*!   Snake:1 **   Snake:3 :   Vaults:3 (   Vaults:4 ?
Vaults:5 !=   Depths:1 *=[

Portals:
Hell: Depths:1 Depths:2 Depths:3 Depths:4
Abyss: Depths:1 Depths:2 Depths:3
Pandemonium: Depths:2 Depths:4
Ziggurat: Depths:3

Annotations:
D:7 2 transporters
Elf:2 5 runed translucent doors, exclusion: 5 doors
Elf:3 exclusion: upstairs


Innate Abilities, Weirdness & Mutations

You have very sharp teeth.
Your uncanny sense of smell can sniff out nearby items.
Your experience applies equally to all skills.
You have a pair of small horns on your head.
You are agile. (Dex +4, Str/Int -1)
You are very frail. (-20% HP)
You are covered in fur. (AC +1)
Your movements are slightly less encumbered by armour. (ER -2)
Your health recovers twice as slowly from being drained.


Message History

There is a stone staircase leading down here.
An Executioner and 3 large abominations come into view.
The Executioner gestures.
The Executioner seems to speed up.
Your extra speed is starting to run out.
The Executioner attacks as it pursues you!
You block the Executioner's attack.
The Executioner hits you but does no damage.
You block the Executioner's attack. The Executioner barely misses you.
You block the Executioner's attack.
The Executioner hits you but does no damage.
Casting: Plasma Beam (mildly dangerous; 1% risk of failure)
Confirm with . or Enter, or press ? or * to list all spells.
You erupt in a fountain of uncontrolled magic!
The Executioner is blasted with magical radiation!!!
The Executioner is severely wounded.
You are very lightly contaminated with residual magic.
The Executioner hits you but does no damage.
The Executioner closely misses you. You block the Executioner's attack. x2
The Executioner completely misses you. You block the Executioner's attack.
The Executioner hits you!
The Executioner hits you but does no damage. x2
Casting: Irradiate (safe; 1% risk of failure)
Confirm with . or Enter, or press ? or * to list all spells.
You erupt in a fountain of uncontrolled magic!
The Executioner is blasted with magical radiation!!
The Executioner is almost dead.
The Executioner hits you! The Executioner hits you.
You block the Executioner's attack.
Casting: Irradiate (safe; 1% risk of failure)
Confirm with . or Enter, or press ? or * to list all spells.
You erupt in a fountain of uncontrolled magic!
The Executioner is blasted with magical radiation!!!
You kill the Executioner!
You are lightly contaminated with residual magic.
A large abomination is nearby!
You feel yourself slow down.
You see here a +0 ring mail.
There is a staircase leading out of the dungeon here.
You have escaped!

##### #########
#...###### #...'...#
##......... #.#.#.#.#
#.......... ####.#.####
#.#.#...... #.........#
#.........#
#.##...##.#####.###......
#..#...#@.##....# #...###
####^..#####.##.###..## #
##.X# #.##......# #
##.#####.##.#.#..# #
#.....#.##.#.#..####
#####X#.##.#.#......
#.#.##..........
#...........####
##.#..X[....## #


There were no monsters in sight!

Vanquished Creatures
  5 dread liches
  Tiamat (Zot:3)
  2 ancient liches
  8 orbs of fire
  A juggernaut (Depths:3)
  Sojobo (Vaults:3)
  Josephina (Depths:3)
  A shard shrike (Depths:3)
  5 caustic shrikes
  Vashnia (Snake:3)
  A curse toe (Zot:2)
  3 Killer Klowns (Zot:5)
  Jory (Vaults:5)
  12 golden dragons
  Norris (Elf:2)
  5 liches
  An iron giant (Snake:2)
  4 electric golems
  13 tentacled monstrosities
  A walking earthen tome (Depths:3)
  29 Orb Guardians
  4 deep elf blademasters (Elf:3)
  6 titans (Vaults:5)
  4 quicksilver dragons
  2 deep elf master archers (Elf:3)
  An ancient champion (Vaults:2)
  A kraken (Shoals:4)
  An Executioner (D:1)
  A tentacled starspawn (Abyss:3)
  6 sphinxes
  6 death cobs
  Frances (Shoals:1)
  10 shadow dragons
  Aizul (Vaults:1)
  11 tengu reavers
  8 storm dragons
  4 nagarajas
  Ilsuiw (Shoals:4)
  2 fire giants
  4 protean progenitors
  7 draconian knights
  11 deep elf sorcerers
  7 frost giants
  10 draconian shifters
  An iron dragon (Vaults:5)
  8 vault wardens
  4 orc warlords
  5 draconian scorchers
  4 deep elf elementalists (Elf:3)
  6 draconian stormcallers
  A reaper (IceCv)
  A spriggan defender (Depths:3)
  4 ghost moths
  The ghost of Graveyardigan the Convoker, a journeyman HuSu of Nemelex Xobeh (Orc:2)
  5 draconian annihilators
  15 very ugly things
  13 ironbound preservers
  20 stone giants
  A formless jellyfish (Vaults:2)
  4 vampire knights
  3 quicksilver oozes
  8 ironbound thunderhulks
  6 deep elf death magi
  8 yellow draconians
  4 deep elf annihilators
  A lorocyproca (Depths:4)
  9 green draconians
  7 spark wasps
  12 black draconians
  4 dire elephants (Vaults:3)
  17 red draconians
  10 purple draconians
  6 deep elf demonologists
  3 war gargoyles
  2 pale draconians (Depths:4)
  16 white draconians
  12 crystal guardians
  12 ettins
  6 merfolk impalers
  6 fire dragons
  An eidolon (Vaults:2)
  6 merfolk javelineers
  2 spectral krakens (Shoals:1)
  7 great orbs of eyes
  14 yaktaur captains
  6 deep elf high priests (Elf:3)
  2 peacekeepers
  3 rakshasas
  15 ice dragons
  6 spriggan air magi
  3 ghost crabs (Shoals:1)
  34 vault guards
  6 merfolk avatars
  4 hydras
  7 anacondas
  11 centaur warriors
  A salamander tyrant (Snake:4)
  7 ironbound frosthearts
  A death knight (Vaults:2)
  5 ogre magi (Orc:2)
  A catoblepas (D:14)
  5 boulder beetles
  6 merfolk aquamancers
  A death yak (shapeshifter) (Vaults:5)
  5 deep troll shamans
  16 naga warriors
  2 satyrs (Shoals:3)
  An occultist (Depths:3)
  23 two-headed ogres
  10 tengu warriors
  2 shock serpents (shapeshifter)
  7 deep troll earth magi
  16 dancing weapons
  8 orc high priests
  Nergalle (Lair:3)
  16 naga sharpshooters
  Sonja (Orc:2)
  8 deep elf knights
  5 spriggan berserkers
  19 hell knights
  7 shock serpents
  4 iron trolls
  9 skysharks
  2 spriggans
  A sixfirhy (Depths:4)
  A wretched star (Abyss:3)
  4 salamander mystics
  A cherub (D:10)
  48 deep trolls
  15 sea snakes
  An orb spider (shapeshifter) (D:15)
  10 deep elf archers
  6 mana vipers
  3 swamp dragons (Depths:4)
  4 flayed ghosts
  A shadow demon (Abyss:3)
  3 glowing orange brains
  6 phantasmal warriors
  An orange crystal statue (Depths:2)
  22 ironbound convokers
  A mana viper (shapeshifter) (Vaults:5)
  3 naga ritualists
  5 arcanists
  2 sphinx simulacra (Depths:3)
  13 lindwurms
  8 necromancers
  A large abomination (Abyss:3)
  7 orc sorcerers
  2 wolf spiders
  17 harpies
  12 orc knights
  A faun (shapeshifter) (Depths:1)
  28 ugly things
  23 deep elf pyromancers
  12 manticores
  4 cyclopes
  18 deep elf zephyrmancers
  14 salamanders
  A human zombie (Vaults:3)
  20 moths of wrath
  4 kobold blastminers
  A toenail golem (D:15)
  A worldbinder (Abyss:3)
  14 fauns
  10 guardian serpents
  14 merfolk sirens
  8 elephants (Lair:3)
  17 vault sentinels
  6 water nymphs
  3 meliai (D:13)
  6 eyes of devastation
  17 centaur zombies
  A water nymph (shapeshifter) (Vaults:4)
  An eye of devastation (shapeshifter) (Vaults:5)
  11 naga magi
  8 centaur skeletons (D:11)
  2 ice statues (IceCv)
  39 black mambas
  3 smoke demons
  7 torpor snails
  3 gargoyles
  32 cane toads
  An unseen horror (D:13)
  An unseen horror (shapeshifter) (D:15)
  A hellion (Depths:2)
  3 freezing wraiths
  3 kobold demonologists
  2 anaconda simulacra (IceCv)
  An unseen horror zombie (D:10)
  A rime drake (Lair:5)
  3 spectral merfolk (Shoals:1)
  32 yaktaurs
  11 komodo dragons
  26 merfolk
  8 ice devils
  2 tengu conjurers
  4 trolls
  A troll (shapeshifter) (Elf:2)
  A queen bee (D:13)
  8 wind drakes
  12 hornets
  3 polar bears
  3 tyrant leeches (Lair:5)
  3 saltlings (Elf:2)
  2 tarantellas (shapeshifter)
  5 dream sheep
  11 blink frogs
  A fire giant simulacrum (Depths:3)
  2 spectral manticores (Shoals:1)
  An iron dragon simulacrum (Depths:3)
  A meliai zombie (D:10)
  8 snapping turtles
  A stone giant simulacrum (Vaults:3)
  38 slime creatures
  A spectral wind drake (Shoals:1)
  A ynoxinul (Depths:2)
  9 shadows
  6 vampires (D:10)
  15 water elementals
  A fire bat (Volcano)
  A dire elephant simulacrum (IceCv)
  5 air elementals
  2 fire elementals
  12 wraiths
  68 yaks
  20 wyverns
  Grum (D:9)
  5 wargs
  2 basilisks
  2 redbacks (Lair:5)
  5 steam dragons
  46 nagas
  Edmund (D:6)
  3 acid dragons
  A human simulacrum (Vaults:3)
  9 vampire mosquitoes
  3 harpy simulacra (IceCv)
  3 hydra simulacra (IceCv)
  20 water moccasins
  2 hell hounds (Volcano)
  31 orc warriors
  An ice beast (D:6)
  A sky beast (D:8)
  2 black bears
  A black bear (shapeshifter) (Vaults:5)
  11 boggarts
  4 laughing skulls
  33 ogres
  3 wolves
  11 centaurs
  A weeping skull (Abyss:3)
  2 phantoms
  5 kobold brigands
  A brain worm (Abyss:3)
  A cane toad simulacrum (IceCv)
  19 bullfrogs
  3 earth elementals (Elf:1)
  A scorpion (shapeshifter) (Elf:3)
  5 scorpions
  2 small abominations (Abyss:3)
  3 wights (D:11)
  22 killer bees (D:13)
  3 howler monkeys
  5 vampire bats (Lair:2)
  2 electric eels (Lair:1)
  8 hounds
  13 orc priests
  5 starcursed masses (Abyss:3)
  2 gnoll boudas
  A boggart zombie (D:11)
  Terence (D:3)
  A sleepcap (D:5)
  3 iguanas
  30 orc wizards
  A troll simulacrum (IceCv)
  A spriggan simulacrum (IceCv)
  3 howler monkey zombies (D:10)
  3 adders
  9 gnolls
  A naga simulacrum (IceCv)
  2 ufetubi (D:6)
  2 ribbon worms
  A dart slug (D:4)
  96 orcs
  12 bats
  9 endoplasms
  4 giant cockroaches
  6 goblins
  5 hobgoblins
  2 jackals (D:1)
  3 quokkas
  5 ball pythons
  3 frilled lizards
  30 kobolds
  5 rats
  A tentacle (Shoals:1)
2179 creatures vanquished.

Vanquished Creatures (others)
  A sea snake (Shoals:3)
  An unseen horror zombie (D:10)
  A harpy simulacrum (IceCv)
  A small abomination (Abyss:3)
  284 fulminant prisms
  A lurking horror (Abyss:3)
  4 starspawn tentacles (Abyss:3)
  29 tentacles
322 creatures vanquished.

Grand Total: 2501 creatures vanquished

Notes
Turn   | Place    | Note
-------+----------+-------------------------------------------
     0 | D:1      | concernfroge the Gnoll Reaver began the quest for the Orb.
     0 | D:1      | Reached XP level 1. HP: 20/20 MP: 6/6
   229 | D:1      | Reached XP level 2. HP: 26/26 MP: 7/7
   239 | D:1      | Learned a level 2 spell: Momentum Strike
   766 | D:2      | Reached skill level 5 in Spellcasting
   766 | D:2      | Reached XP level 3. HP: 31/31 MP: 7/9
  1030 | D:2      | Reached skill level 1 in Invocations
  1070 | D:2      | Learned a level 3 spell: Hailstorm
  1078 | D:2      | Reached skill level 1 in Short Blades
  1078 | D:2      | Reached skill level 1 in Long Blades
  1078 | D:2      | Reached skill level 1 in Axes
  1078 | D:2      | Reached skill level 1 in Maces & Flails
  1078 | D:2      | Reached skill level 1 in Staves
  1078 | D:2      | Reached skill level 1 in Ranged Weapons
  1078 | D:2      | Reached skill level 1 in Throwing
  1078 | D:2      | Reached skill level 1 in Armour
  1078 | D:2      | Reached skill level 1 in Stealth
  1078 | D:2      | Reached skill level 1 in Shields
  1078 | D:2      | Reached skill level 1 in Unarmed Combat
  1078 | D:2      | Reached skill level 1 in Evocations
  1087 | D:2      | Reached skill level 1 in Shapeshifting
  1087 | D:2      | Reached XP level 4. HP: 25/35 MP: 1/11
  1692 | D:3      | Reached skill level 1 in Hexes
  1692 | D:3      | Reached skill level 1 in Summonings
  1692 | D:3      | Reached skill level 1 in Necromancy
  1692 | D:3      | Reached skill level 1 in Translocations
  1692 | D:3      | Reached skill level 1 in Fire Magic
  1692 | D:3      | Reached skill level 1 in Ice Magic
  1692 | D:3      | Reached skill level 1 in Air Magic
  1692 | D:3      | Reached skill level 1 in Earth Magic
  1692 | D:3      | Reached skill level 1 in Alchemy
  1707 | D:3      | Found a glowing golden altar of the Shining One.
  1707 | D:3      | Found Gozag's Platinum Reserve.
  1765 | D:3      | Found a snail-covered altar of Cheibriados.
  1906 | D:3      | Found an opulent altar of Gozag.
  1912 | D:3      | Noticed a black bear
  1914 | D:3      | Became a worshipper of Gozag Ym Sagoz the Greedy
  1964 | D:3      | Reached XP level 5. HP: 27/43 MP: 4/12
  2036 | D:3      | Killed a black bear
  2312 | D:3      | Found Axty's Assorted Antiques.
  2316 | D:3      | Reached XP level 6. HP: 42/50 MP: 11/14
  2328 | D:3      | Reached skill level 5 in Fighting
  2328 | D:3      | Reached skill level 5 in Dodging
  2388 | D:3      | Bought a scroll labelled XEWKAE RUPAEB for 21 gold pieces
  2388 | D:3      | Bought a bone wand for 84 gold pieces
  2388 | D:3      | Bought a scroll labelled XOEGACOI QOOBE for 21 gold pieces
  2388 | D:3      | Bought a scroll labelled IMOATO ESOTIASI for 21 gold pieces
  2426 | D:3      | Noticed Terence
  2429 | D:3      | Killed Terence
  2518 | D:3      | Found Amung's Weapon Emporium.
  2572 | D:3      | Found Diqosich's Magic Scroll Boutique.
  3421 | D:4      | Reached XP level 7. HP: 55/55 MP: 15/15
  3698 | D:4      | Learned a level 1 spell: Sting
  3701 | D:4      | Learned a level 2 spell: Mercury Vapours
  3706 | D:4      | Learned a level 4 spell: Olgreb's Toxic Radiance
  3721 | D:5      | Entered Level 5 of the Dungeon
  4271 | D:5      | Found a blossoming altar of Fedhas.
  4706 | D:5      | Reached XP level 8. HP: 63/63 MP: 9/16
  4979 | D:5      | Found an ancient bone altar of Kikubaaqudgha.
  5405 | D:6      | Found the +0 toga "Victory" {*Victory Clar}
  5426 | D:6      | Found a burning altar of Makhleb.
  5492 | D:6      | Identified the +3 robe of Limited Liability {Int-4 Slay+2
                  | SInv}
  5932 | D:6      | Noticed Edmund
  5940 | D:6      | Killed Edmund
  5941 | D:6      | Reached XP level 9. HP: 64/69 MP: 1/18
  6909 | D:7      | Noticed a centaur warrior
  6910 | D:7      | Found a shimmering altar of Xom.
  6910 | D:7      | Noticed a manticore
  6911 | D:7      | Found a transporter.
  6912 | D:7      | Noticed a purple ugly thing
  6994 | D:7      | Found a transporter.
  7073 | D:7      | Found a staircase to the Ecumenical Temple.
  7080 | Temple   | Entered the Ecumenical Temple
  7215 | D:7      | Found a basalt altar of Yredelemnul.
  7242 | D:8      | Reached skill level 5 in Invocations
  7384 | D:8      | Reached skill level 5 in Short Blades
  7384 | D:8      | Reached skill level 5 in Long Blades
  7384 | D:8      | Reached skill level 5 in Axes
  7384 | D:8      | Reached skill level 5 in Maces & Flails
  7384 | D:8      | Reached skill level 5 in Staves
  7384 | D:8      | Reached skill level 5 in Ranged Weapons
  7384 | D:8      | Reached skill level 5 in Throwing
  7384 | D:8      | Reached skill level 5 in Armour
  7384 | D:8      | Reached skill level 5 in Stealth
  7384 | D:8      | Reached skill level 5 in Shields
  7384 | D:8      | Reached skill level 5 in Unarmed Combat
  7384 | D:8      | Reached skill level 5 in Evocations
  7384 | D:8      | Reached XP level 10. HP: 43/77 MP: 4/20
  7740 | D:8      | Learned a level 2 spell: Blink
  7743 | D:8      | Learned a level 2 spell: Lesser Beckoning
  7923 | D:8      | Reached skill level 5 in Shapeshifting
  8097 | D:8      | Noticed a two-headed ogre
  8102 | D:8      | Killed a two-headed ogre
  8681 | D:9      | Found an ornate altar of the Wu Jian Council.
  8682 | D:9      | Noticed a tengu warrior
  8684 | D:9      | Noticed a tengu warrior
  8830 | D:9      | Found a bloodstained altar of Trog.
  8879 | D:9      | Noticed Grum
  8881 | D:9      | Found an iron altar of Okawaru.
  9123 | D:9      | Reached skill level 5 in Hexes
  9123 | D:9      | Reached skill level 5 in Summonings
  9123 | D:9      | Reached skill level 5 in Necromancy
  9123 | D:9      | Reached skill level 5 in Translocations
  9123 | D:9      | Reached skill level 5 in Fire Magic
  9123 | D:9      | Reached skill level 5 in Ice Magic
  9123 | D:9      | Reached skill level 5 in Air Magic
  9123 | D:9      | Reached skill level 5 in Earth Magic
  9123 | D:9      | Reached skill level 5 in Alchemy
  9127 | D:9      | Reached XP level 11. HP: 53/77 MP: 7/22
  9127 | D:9      | Killed Grum
  9287 | D:9      | Killed a tengu warrior
  9293 | D:9      | Killed a tengu warrior
  9898 | D:10     | Entered Level 10 of the Dungeon
  9898 | D:10     | Found a broken altar of Ashenzari.
 10638 | D:10     | Found Isic Zay's Book Shop.
 10982 | D:10     | Found a staircase to the Lair.
 11633 | D:10     | Found a sparkling altar of Nemelex Xobeh.
 11719 | D:11     | Noticed a six-headed hydra
 11719 | D:11     | Noticed a manticore
 11744 | D:10     | Reached XP level 12. HP: 37/94 MP: 21/24
 12388 | D:10     | Reached skill level 10 in Polearms
 12843 | D:10     | Bought a book of Blasting for 392 gold pieces
 12847 | D:10     | Learned a level 3 spell: Ozocubu's Armour
 12852 | D:10     | Learned a level 4 spell: Fulminant Prism
 12857 | D:10     | Learned a level 4 spell: Iskenderun's Mystic Blast
 12870 | Lair:1   | Entered Level 1 of the Lair of Beasts
 14110 | Lair:1   | Learned a level 2 spell: Sublimation of Blood
 14288 | D:3      | Bought a wand of mindburst (10) for 294 gold pieces
 14288 | D:3      | Bought a pair of gloves for 94 gold pieces
 14485 | Lair:2   | Reached XP level 13. HP: 101/101 MP: 17/26
 16157 | Lair:3   | Found a frozen archway.
 16165 | IceCv    | Entered an ice cave
 16464 | IceCv    | Reached skill level 10 in Spellcasting
 16981 | IceCv    | Noticed a reaper
 17020 | IceCv    | Killed a reaper
 17554 | Lair:3   | Reached skill level 10 in Fighting
 17554 | Lair:3   | Reached skill level 10 in Dodging
 17754 | Lair:3   | Noticed Nergalle
 17760 | Lair:3   | Killed Nergalle
 18580 | Lair:3   | Reached XP level 14. HP: 104/110 MP: 7/28
 18581 | Lair:3   | Reached skill level 10 in Invocations
 19083 | Lair:3   | Found a staircase to the Snake Pit.
 19366 | D:3      | Bought a scroll of blinking for 90 gold pieces
 19366 | D:3      | Bought a scroll of blinking for 90 gold pieces
 19366 | D:3      | Bought 2 scrolls of teleportation for 72 gold pieces
 19366 | D:3      | Bought a scroll of revelation for 90 gold pieces
 19366 | D:3      | Bought a scroll of fear for 48 gold pieces
 19366 | D:3      | Bought a scroll of amnesia for 48 gold pieces
 19373 | D:3      | Learned a level 5 spell: Irradiate
 20189 | Lair:5   | Entered Level 5 of the Lair of Beasts
 20964 | Lair:5   | Found a staircase to the Slime Pits.
 20969 | Lair:5   | Found a viscous altar of Jiyva.
 21286 | Lair:5   | Reached skill level 10 in Conjurations
 21414 | Lair:5   | Reached skill level 10 in Short Blades
 21414 | Lair:5   | Reached skill level 10 in Long Blades
 21414 | Lair:5   | Reached skill level 10 in Axes
 21414 | Lair:5   | Reached skill level 10 in Maces & Flails
 21414 | Lair:5   | Reached skill level 10 in Staves
 21414 | Lair:5   | Reached skill level 10 in Ranged Weapons
 21414 | Lair:5   | Reached skill level 10 in Throwing
 21414 | Lair:5   | Reached skill level 10 in Armour
 21414 | Lair:5   | Reached skill level 10 in Stealth
 21414 | Lair:5   | Reached skill level 10 in Shields
 21414 | Lair:5   | Reached skill level 10 in Unarmed Combat
 21414 | Lair:5   | Reached skill level 10 in Evocations
 21824 | Lair:5   | Reached XP level 15. HP: 118/118 MP: 26/30
 22634 | D:11     | Found the amulet of Elemental Vulnerability {rPois rF--
                  | rC-- AC+8}
 23200 | D:11     | Identified the +10 mace "Ibboacou" {elec, rF++ Str+3 Int-4
                  | SInv}
 24053 | D:12     | Identified the +2 leather armour of Kebeus {^Drain rF+++
                  | MP-9 Dex+5}
 24347 | D:12     | Found a staircase to the Orcish Mines.
 24885 | D:13     | You fall into a shaft and drop 2 floors!
 24885 | D:15     | Entered Level 15 of the Dungeon
 26106 | D:13     | Reached skill level 10 in Shapeshifting
 26272 | D:13     | Found a gate to the Vaults.
 26470 | D:14     | Reached XP level 16. HP: 127/127 MP: 15/32
 26474 | D:14     | Gained mutation: You are dopey. (Int -2) [mutagenic glow]
 26913 | D:14     | Found a radiant altar of Vehumet.
 28178 | D:15     | Learned a level 6 spell: Plasma Beam
 28221 | D:15     | Identified the granite talisman of the Doldrums {Int+2}
 28365 | D:15     | Found a staircase to the Depths.
 28617 | D:15     | Found a shimmering blue altar of Sif Muna.
 28680 | Orc:1    | Entered Level 1 of the Orcish Mines
 28680 | Orc:1    | Found a bloodstained altar of Trog.
 28879 | Orc:1    | Found a dark tunnel.
 28898 | Volcano  | Entered a volcano
 29826 | Orc:1    | Found Luawor's Jewellery Emporium.
 30061 | Orc:2    | Entered Level 2 of the Orcish Mines
 30481 | Orc:2    | Found a transporter.
 30485 | Orc:2    | Found a transporter.
 30485 | Orc:2    | Noticed Graveyardigan's ghost (journeyman HuSu)
 30542 | Orc:2    | Noticed Sonja
 30549 | Orc:2    | Killed Sonja
 30789 | Orc:2    | Found Masuagyqeg's Magic Scroll Shoppe.
 30824 | Orc:2    | Bought a scroll of identify for 28 gold pieces
 30824 | Orc:2    | Bought a scroll of identify for 28 gold pieces
 31469 | Orc:2    | Found Rile's Book Shoppe.
 31469 | Orc:2    | Found Furez's Distillery.
 31470 | Orc:2    | Found Engunas's Distillery.
 31470 | Orc:2    | Found Yxzolumeck's Antique Weapon Emporium.
 31478 | Orc:2    | Bought a potion of resistance for 150 gold pieces
 31478 | Orc:2    | Bought a potion of heal wounds for 75 gold pieces
 31478 | Orc:2    | Bought a potion of magic for 120 gold pieces
 31478 | Orc:2    | Bought a potion of heal wounds for 75 gold pieces
 31478 | Orc:2    | Bought a potion of curing for 45 gold pieces
 31478 | Orc:2    | Bought a potion of lignification for 45 gold pieces
 31480 | Orc:2    | Bought a potion of heal wounds for 60 gold pieces
 31480 | Orc:2    | Bought a potion of brilliance for 48 gold pieces
 31480 | Orc:2    | Bought a potion of brilliance for 48 gold pieces
 31480 | Orc:2    | Bought 2 potions of curing for 72 gold pieces
 31480 | Orc:2    | Bought a potion of invisibility for 96 gold pieces
 31611 | Orc:2    | Found a staircase to the Elven Halls.
 31766 | Orc:2    | Reached XP level 17. HP: 135/135 MP: 16/33
 31996 | Orc:1    | Bought a ring of wizardry for 480 gold pieces
 32331 | D:3      | Bought a knobbly glowing staff for 252 gold pieces
 32620 | D:3      | Bought the ring "Wabopp" {rElec rF+ Will- Str+2 Stlth+} for
                  | 4180 gold pieces
 32873 | Snake:1  | Entered Level 1 of the Snake Pit
 32914 | Snake:1  | Found Plog's Mayhem Merchandise.
 33318 | Snake:1  | Reached skill level 10 in Hexes
 33318 | Snake:1  | Reached skill level 10 in Summonings
 33318 | Snake:1  | Reached skill level 10 in Necromancy
 33318 | Snake:1  | Reached skill level 10 in Translocations
 33318 | Snake:1  | Reached skill level 10 in Fire Magic
 33318 | Snake:1  | Reached skill level 10 in Ice Magic
 33318 | Snake:1  | Reached skill level 10 in Air Magic
 33318 | Snake:1  | Reached skill level 10 in Earth Magic
 33318 | Snake:1  | Reached skill level 10 in Alchemy
 33363 | Snake:1  | Gained mutation: Armour fits poorly on your strangely
                  | shaped body. [mutagenic glow]
 33419 | Lair:3   | Lost mutation: Armour fits poorly on your strangely shaped
                  | body. [potion of mutation]
 33419 | Lair:3   | Lost mutation: You are dopey. (Int -2) [potion of mutation]
 33419 | Lair:3   | Gained mutation: You are frail. (-10% HP) [potion of
                  | mutation]
 33419 | Lair:3   | Gained mutation: You occasionally lose the ability to drink
                  | potions when taking damage. [potion of mutation]
 33419 | Lair:3   | Gained mutation: Your mind is acute. (Int +4, Str/Dex -1)
                  | [potion of mutation]
 34000 | Snake:1  | Found Pajajamm's General Store.
 34949 | Orc:2    | Bought a book of the Dragon for 546 gold pieces
 34980 | Orc:2    | Bought a scroll of amnesia for 56 gold pieces
 35771 | Snake:2  | You fall into a shaft and drop 1 floor!
 35784 | Snake:3  | Noticed Vashnia
 35794 | Snake:3  | Killed Vashnia
 37491 | Snake:3  | Noticed Bai Suzhen
 37493 | Snake:3  | Bai Suzhen changed into Bai Suzhen the iron giant
 37493 | Snake:3  | Noticed Bai Suzhen
 37509 | Snake:2  | Killed Bai Suzhen the iron giant
 38946 | Snake:3  | Found Ticlyall's Self-Improvement Boutique.
 39191 | Orc:1    | Bought an amulet of reflection for 480 gold pieces
 39342 | Lair:2   | Learned a level 5 spell: Metabolic Englaciation
 39343 | Shoals:1 | Entered Level 1 of the Shoals
 39710 | Shoals:1 | Noticed Frances
 39718 | Shoals:1 | Killed Frances
 39719 | Shoals:1 | Reached XP level 18. HP: 128/128 MP: 2/35
 40368 | Shoals:1 | Found Eclefiu's Jewellery Boutique.
 41376 | Shoals:2 | Found a bloodstained altar of Trog.
 41862 | Shoals:2 | Found a glowing golden altar of the Shining One.
 42761 | Shoals:2 | Identified the +8 trident of Youthful Indiscretion {heavy,
                  | rPois rF+}
 45318 | Shoals:3 | Learned a level 5 spell: Fireball
 45334 | Shoals:4 | Entered Level 4 of the Shoals
 46059 | Shoals:4 | Noticed Ilsuiw
 47871 | Shoals:4 | Killed Ilsuiw
 47872 | Shoals:4 | Reached XP level 19. HP: 135/135 MP: 13/37
 48060 | Shoals:4 | Got a barnacled rune of Zot
 48072 | Shoals:4 | Found Bavuaj's Distillery.
 48258 | Shoals:4 | Bought a potion of heal wounds for 70 gold pieces
 48258 | Shoals:4 | Bought a potion of invisibility for 112 gold pieces
 48258 | Shoals:4 | Lost mutation: You occasionally lose the ability to drink
                  | potions when taking damage. [potion of mutation]
 48258 | Shoals:4 | Lost mutation: Your mind is acute. (Int +4, Str/Dex -1)
                  | [potion of mutation]
 48258 | Shoals:4 | Lost mutation: You are frail. (-10% HP) [potion of
                  | mutation]
 48258 | Shoals:4 | Gained mutation: You occasionally lose the ability to drink
                  | potions when taking damage. [potion of mutation]
 48258 | Shoals:4 | Gained mutation: You have a pair of small antennae on your
                  | head. [potion of mutation]
 48259 | Shoals:4 | Lost mutation: You occasionally lose the ability to drink
                  | potions when taking damage. [potion of mutation]
 48259 | Shoals:4 | Lost mutation: You have a pair of small antennae on your
                  | head. [potion of mutation]
 48259 | Shoals:4 | Gained mutation: You are robust. (+10% HP) [potion of
                  | mutation]
 48259 | Shoals:4 | Lost mutation: You are robust. (+10% HP) [potion of
                  | mutation]
 48259 | Shoals:4 | Gained mutation: You are somewhat resistant to further
                  | mutation. [potion of mutation]
 48666 | Shoals:4 | Found Fumavotali's Assorted Antiques.
 48672 | Shoals:4 | Found Gikk's Book Boutique.
 48674 | Shoals:4 | Bought a pair of runed gloves for 285 gold pieces
 48674 | Shoals:4 | Bought a potion of heal wounds for 190 gold pieces
 48688 | Shoals:4 | Found Luenk's Distillery.
 49855 | Shoals:4 | Found Hagepted's Book Shoppe.
 49868 | Shoals:4 | Bought Naw Unk's Omnibus of Venom for 416 gold pieces
 49868 | Shoals:4 | Bought a book of Armaments for 468 gold pieces
 49872 | Shoals:4 | Learned a level 3 spell: Stone Arrow
 50092 | Shoals:4 | Bought a potion of heal wounds for 85 gold pieces
 50092 | Shoals:4 | Bought a potion of heal wounds for 85 gold pieces
 50326 | Orc:2    | Killed Graveyardigan's ghost
 50732 | Snake:4  | Entered Level 4 of the Snake Pit
 52822 | Snake:4  | Reached skill level 15 in Polearms
 53505 | Snake:4  | Got a serpentine rune of Zot
 54033 | Vaults:1 | Entered Level 1 of the Vaults
 54266 | Vaults:1 | You fall into a shaft and drop 1 floor!
 54608 | Vaults:1 | Identified the serpent talisman "Korphec" {rElec}
 54608 | Vaults:1 | Noticed Aizul
 54625 | Vaults:1 | Killed Aizul
 55417 | Vaults:1 | Reached skill level 15 in Invocations
 56445 | Vaults:1 | Reached XP level 20. HP: 160/160 MP: 4/38
 57636 | Vaults:2 | Reached skill level 15 in Ranged Weapons
 57867 | Vaults:2 | Identified the +7 shortbow "Raitaf" {heavy, Will+ Stlth+}
 57912 | Vaults:2 | Found a staircase to the Crypt.
 57973 | Vaults:2 | Reached skill level 15 in Spellcasting
 58326 | Vaults:2 | Reached skill level 15 in Maces & Flails
 59056 | Vaults:3 | Noticed Sojobo
 59183 | Vaults:3 | Paralysed by an air elemental for 1 turns
 59185 | Vaults:3 | Killed Sojobo
 59186 | Vaults:3 | Reached skill level 15 in Fighting
 59186 | Vaults:3 | Reached skill level 15 in Dodging
 60715 | Vaults:3 | Found Seokhlis's Weapon Emporium.
 60809 | Vaults:3 | Found a runed translucent door.
 61920 | Vaults:3 | Reached XP level 21. HP: 168/168 MP: 18/40
 63884 | Vaults:3 | Identified the ring "Utruff" {Fire +Blink Fly rN+ Int+2}
 63886 | Vaults:3 | Identified the scarf of Peoridd {harm, Will+}
 63915 | Vaults:3 | Learned a level 4 spell: Ignite Poison
 64873 | Vaults:4 | Found Poasiyt's Magic Scroll Emporium.
 64876 | Vaults:4 | Bought a scroll of enchant armour for 105 gold pieces
 67265 | Vaults:5 | Entered Level 5 of the Vaults
 67270 | Vaults:5 | Reached skill level 15 in Short Blades
 67270 | Vaults:5 | Reached skill level 15 in Long Blades
 67270 | Vaults:5 | Reached skill level 15 in Axes
 67270 | Vaults:5 | Reached skill level 15 in Staves
 67270 | Vaults:5 | Reached skill level 15 in Throwing
 67270 | Vaults:5 | Reached skill level 15 in Armour
 67270 | Vaults:5 | Reached skill level 15 in Stealth
 67270 | Vaults:5 | Reached skill level 15 in Shields
 67270 | Vaults:5 | Reached skill level 15 in Unarmed Combat
 67270 | Vaults:5 | Reached skill level 15 in Evocations
 67887 | Vaults:5 | Noticed a golden dragon
 67954 | Vaults:5 | Noticed an ancient lich
 67963 | Vaults:4 | Killed a golden dragon
 68288 | Vaults:5 | Noticed a dread lich
 68394 | Vaults:4 | Paralysed by a dread lich for 2 turns
 68401 | Vaults:4 | Killed a dread lich
 68402 | Vaults:4 | Reached XP level 22. HP: 175/177 MP: 1/42
 69111 | Vaults:4 | Killed an ancient lich
 69238 | Vaults:5 | Paralysed by a sphinx for 4 turns
 69245 | Vaults:5 | Paralysed by a sphinx for 2 turns
 69652 | Vaults:5 | Identified the +9 quarterstaff of the Shore {flame, Str+2
                  | Int+6}
 70629 | Vaults:5 | Got a silver rune of Zot
 72136 | Vaults:5 | Got the Book of Red-Hot Anathema
 72185 | Vaults:5 | Noticed Jory
 72191 | Vaults:5 | Killed Jory
 72694 | Vaults:5 | Identified the +6 scimitar "Wurruuh" {spect, rF++ rN+
                  | Str-3}
 72701 | Vaults:5 | Identified the +4 scale mail of Classification {^Contam
                  | rN++ Str+8 Int-2}
 72760 | Vaults:5 | Identified the +2 robe of Death Resistance {Rampage}
 72967 | Vaults:5 | Noticed a golden dragon
 72973 | Vaults:5 | Killed a golden dragon
 73293 | Abyss:2  | Cast into level 2 of the Abyss (a deep elf sorcerer)
 73318 | Abyss:2  | Found a corrupted altar of Lugonu.
 73618 | Abyss:2  | Found a corrupted altar of Lugonu.
 73729 | Abyss:3  | Found a shimmering blue altar of Sif Muna.
 73747 | Abyss:3  | Identified the amulet "Vahea" {RegenMP *Corrode MP+9 Str+7
                  | Stlth+}
 73882 | Abyss:3  | Found a corrupted altar of Lugonu.
 73883 | Abyss:3  | Paralysed by accursed screaming for 1 turns
 73888 | Abyss:3  | Paralysed by accursed screaming for 2 turns
 73891 | Abyss:3  | Paralysed by accursed screaming for 2 turns
 74056 | Abyss:3  | Found a corrupted altar of Lugonu.
 74121 | Abyss:3  | Found a corrupted altar of Lugonu.
 74123 | Abyss:3  | Noticed a dread lich
 74272 | Abyss:3  | Paralysed by accursed screaming for 1 turns
 74290 | Abyss:3  | Got an abyssal rune of Zot
 74299 | Abyss:3  | Paralysed by accursed screaming for 1 turns
 74304 | Vaults:5 | Escaped the Abyss
 74891 | Vaults:5 | Noticed an ancient lich
 74902 | Vaults:5 | Killed an ancient lich
 75445 | Vaults:5 | Found Lypuahea's Jewellery Boutique.
 75451 | Vaults:5 | Got the Compilation of Conflagrant Assembling
 75470 | Vaults:5 | Got Roxanne's Excursus on Changing Silt
 75640 | Vaults:5 | Bought a potion of cancellation for 96 gold pieces
 75640 | Vaults:5 | Bought a potion of heal wounds for 60 gold pieces
 75655 | Vaults:5 | Bought a potion of haste for 120 gold pieces
 75655 | Vaults:5 | Bought a potion of haste for 120 gold pieces
 75704 | Vaults:4 | Bought a scroll of revelation for 105 gold pieces
 75922 | Orc:2    | Bought a scroll of revelation for 105 gold pieces
 76590 | Orc:2    | Bought a potion of enlightenment for 60 gold pieces
 76590 | Orc:2    | Bought a potion of enlightenment for 60 gold pieces
 76590 | Orc:2    | Bought a potion of enlightenment for 60 gold pieces
 76806 | Vaults:5 | Bought a potion of enlightenment for 60 gold pieces
 77003 | Elf:1    | Entered Level 1 of the Elven Halls
 77093 | Elf:1    | Reached XP level 23. HP: 185/185 MP: 11/43
 77480 | Elf:1    | Found Xiagum's Armour Shop.
 79441 | Elf:2    | Paralysed by an air elemental for 1 turns
 79451 | Elf:2    | Noticed Norris
 80057 | Elf:2    | Killed Norris
 80762 | Elf:2    | Found Ysyuloumn's Distillery.
 80776 | Elf:2    | Reached skill level 15 in Shapeshifting
 80916 | Elf:2    | Found a radiant altar of Vehumet.
 80966 | Elf:2    | Bought a potion of heal wounds for 90 gold pieces
 81100 | Elf:2    | Found a portal to a secret trove of treasure.
 81232 | Elf:2    | Found a huge runed translucent gate.
 81232 | Elf:2    | Found a huge runed translucent gate.
 81232 | Elf:2    | Found a huge runed translucent gate.
 81232 | Elf:2    | Found a huge runed translucent gate.
 81233 | Elf:2    | Found a huge runed translucent gate.
 82182 | Elf:2    | You paid a toll of a +6 demon trident to enter a treasure
                  | trove
 82183 | Trove    | Entered a treasure trove
 82245 | Elf:3    | Entered Level 3 of the Elven Halls
 83405 | Elf:3    | Identified the +8 glaive of Truncation {heavy, Fly rPois
                  | Int-3 Dex+3}
 83673 | Elf:3    | Identified the +6 hand axe of Doom {freeze, *Rage rPois
                  | Dex+5}
 83950 | Elf:3    | Identified the ring of Tinaimm {Will+ Int+6 Slay+2}
 84338 | Elf:3    | Identified the ring of Pamoar {rElec rC+ rN+ Slay-3 SInv}
 85766 | Shoals:2 | Bought a pair of embroidered gloves for 262 gold pieces
 85778 | Shoals:2 | Bought the +3 pair of mountain boots {steadfast, rC+} for
                  | 1172 gold pieces
 85778 | Shoals:2 | Found the +3 pair of mountain boots {steadfast, rC+}
 85792 | Shoals:2 | Bought a slimy scarf for 350 gold pieces
 85792 | Shoals:2 | Identified the scarf of Privacy {+Inv, Will+ Str-4 Int+2
                  | Dex+7} (You bought it in a shop on level 2 of the Shoals)
 85794 | Shoals:2 | Bought a distressingly furry leather armour for 245 gold
                  | pieces
 85794 | Shoals:2 | Identified the +3 leather armour of Woly {Harm Int+5} (You
                  | bought it in a shop on level 2 of the Shoals)
 85825 | Shoals:3 | Learned a level 6 spell: Bombard
 86033 | Depths:1 | Entered Level 1 of the Depths
 86035 | Depths:1 | Reached skill level 15 in Conjurations
 86586 | Depths:1 | Found a gateway to Hell.
 86588 | Depths:1 | Found a sacrificial altar of Ru.
 86957 | Depths:1 | Reached XP level 24. HP: 92/194 MP: 7/44
 87288 | Depths:1 | Identified the +6 spear of Didwyod {holy, rElec Str+5}
 87611 | Depths:1 | Found a one-way gate to the infinite horrors of the Abyss.
 87837 | Depths:1 | Identified the +4 chain mail of Ducelitawn {Harm rF+ Int+4}
 89519 | Depths:2 | Found a one-way gate leading to the halls of Pandemonium.
 90688 | Depths:2 | Found a shimmering blue altar of Sif Muna.
 91491 | Depths:3 | Noticed a caustic shrike
 91614 | Depths:3 | Killed a caustic shrike
 92141 | Depths:3 | Identified the ring of Seoluani {Ice rPois}
 92141 | Depths:3 | Identified the death talisman "Arghedola" {rF+ Str-5 Dex+2
                  | SInv}
 92141 | Depths:3 | Noticed Josephina
 92216 | Depths:3 | Killed Josephina
 92440 | Depths:3 | Identified the +6 glaive of Essumeynu {drain, rElec Dex+5}
 93365 | Depths:3 | Found a one-way gateway to a ziggurat.
 93503 | Depths:3 | Noticed Parghit
 93519 | Depths:3 | Parghit changed into Parghit the shard shrike
 93519 | Depths:3 | Noticed Parghit
 93522 | Depths:3 | Killed Parghit the shard shrike
 94371 | Depths:3 | Found the +3 Elemental Staff {ele, rElec rF+ rC+ AC+3}
 94457 | Depths:3 | Gained mutation: You are partially covered in iridescent
                  | scales. (AC +2) [mutagenic glow]
 94493 | Depths:3 | Gained mutation: You are clumsy. (Dex -2) [mutagenic glow]
 95160 | Vaults:5 | Bought the ring of the Mage {Wiz Archmagi} for 867 gold
                  | pieces
 95160 | Vaults:5 | Found the ring of the Mage {Wiz Archmagi}
 95162 | Vaults:5 | Bought a +6 ring of strength for 612 gold pieces
 95798 | Depths:1 | Bought an embroidered cloak for 187 gold pieces
 95799 | Depths:1 | Bought a pair of pitted boots for 237 gold pieces
 95799 | Depths:1 | Identified the +2 pair of boots "Doumip" {Fly rPois rN+}
                  | (You bought it in a shop on level 1 of the Depths)
 95804 | Depths:1 | Reached XP level 25. HP: 203/203 MP: 44/44
 97198 | Depths:4 | Entered Level 4 of the Depths
 97198 | Depths:4 | Noticed a juggernaut
 97801 | Depths:3 | Killed a juggernaut
 97802 | Depths:3 | Reached XP level 26. HP: 135/211 MP: 4/45
 98666 | Depths:4 | Identified a scroll of acquirement
 99961 | Depths:4 | Found a gate to the Realm of Zot.
100084 | Depths:4 | Acquired 764 gold pieces
100591 | Zot:1    | Entered Level 1 of the Realm of Zot
100868 | Zot:1    | Reached skill level 15 in Hexes
100868 | Zot:1    | Reached skill level 15 in Summonings
100868 | Zot:1    | Reached skill level 15 in Necromancy
100868 | Zot:1    | Reached skill level 15 in Translocations
100868 | Zot:1    | Reached skill level 15 in Fire Magic
100868 | Zot:1    | Reached skill level 15 in Ice Magic
100868 | Zot:1    | Reached skill level 15 in Air Magic
100868 | Zot:1    | Reached skill level 15 in Earth Magic
100868 | Zot:1    | Reached skill level 15 in Alchemy
101126 | Depths:4 | Gained mutation: Your magical capacity is low. (-10% MP)
                  | [mutagenic glow]
101141 | Depths:4 | Gained mutation: You occasionally lose the ability to drink
                  | potions when taking damage. [mutagenic glow]
102480 | Zot:1    | You are sucked into a shaft and drop 1 floor!
102746 | Zot:2    | Identified the +4 scale mail of Complete Protection {SInv}
103804 | Zot:1    | Identified the +1 dagger of Putrescence {elec, Fly rC+++
                  | MP-9 Str+3}
106159 | Zot:3    | Noticed an orb of fire
106188 | Zot:3    | Gained mutation: You are occasionally teleported next to
                  | monsters. [an orb of fire]
106685 | Zot:3    | Found the +4 dragonskin cloak
106685 | Zot:3    | Noticed Tiamat
106735 | Zot:3    | Killed an orb of fire
106736 | Zot:3    | Reached XP level 27. HP: 149/219 MP: 21/41
106749 | Zot:3    | Killed Tiamat
108615 | Zot:4    | Noticed an orb of fire
108626 | Zot:4    | Killed an orb of fire
108778 | Zot:4    | Noticed an orb of fire
108791 | Zot:4    | Lost mutation: You are somewhat resistant to further
                  | mutation. [an orb of fire]
108793 | Zot:4    | Killed an orb of fire
109183 | Zot:4    | Found a white marble altar of Elyvilon.
109183 | Zot:4    | Found a glowing silver altar of Zin.
109184 | Zot:4    | Found a glowing golden altar of the Shining One.
110007 | Zot:5    | Entered Level 5 of the Realm of Zot
110449 | Zot:4    | Lost mutation: You are partially covered in iridescent
                  | scales. (AC +2) [potion of mutation]
110449 | Zot:4    | Lost mutation: You are occasionally teleported next to
                  | monsters. [potion of mutation]
110449 | Zot:4    | Lost mutation: You occasionally lose the ability to drink
                  | potions when taking damage. [potion of mutation]
110449 | Zot:4    | Gained mutation: Your spells are a little harder to cast,
                  | but a little more powerful. [potion of mutation]
110449 | Zot:4    | Gained mutation: Your body sometimes deteriorates upon
                  | taking damage. [potion of mutation]
110449 | Zot:4    | Lost mutation: You are clumsy. (Dex -2) [potion of
                  | mutation]
110450 | Zot:4    | Lost mutation: Your magical capacity is low. (-10% MP)
                  | [potion of mutation]
110450 | Zot:4    | Lost mutation: Your body sometimes deteriorates upon taking
                  | damage. [potion of mutation]
110450 | Zot:4    | Gained mutation: You are agile. (Dex +4, Str/Int -1)
                  | [potion of mutation]
110603 | Zot:5    | Acquired 414 gold pieces
111123 | Zot:5    | Noticed an orb of fire
111130 | Zot:5    | Gained mutation: You are occasionally teleported next to
                  | monsters. [an orb of fire]
111133 | Zot:5    | Killed an orb of fire
111159 | Zot:5    | Noticed a dread lich
111161 | Zot:5    | Noticed an orb of fire
111163 | Zot:5    | Noticed a dread lich
111169 | Zot:5    | Killed a dread lich
111170 | Zot:5    | Gained mutation: Your magical capacity is low. (-10% MP)
                  | [mutagenic glow]
111210 | Zot:4    | Gained mutation: You have a pair of small antennae on your
                  | head. [mutagenic glow]
111840 | Vaults:5 | Bought a potion of mutation for 96 gold pieces
112148 | Shoals:4 | Bought a potion of mutation for 112 gold pieces
112148 | Shoals:4 | Bought a potion of mutation for 112 gold pieces
112148 | Shoals:4 | Bought a potion of mutation for 112 gold pieces
112148 | Shoals:4 | Lost mutation: You are occasionally teleported next to
                  | monsters. [potion of mutation]
112148 | Shoals:4 | Lost mutation: Your magical capacity is low. (-10% MP)
                  | [potion of mutation]
112148 | Shoals:4 | Gained mutation: You are frail. (-10% HP) [potion of
                  | mutation]
112148 | Shoals:4 | Gained mutation: You are somewhat resistant to further
                  | mutation. [potion of mutation]
112704 | Zot:5    | Killed an orb of fire
112818 | Zot:5    | Killed a dread lich
112825 | Zot:5    | Gained mutation: You are very frail. (-20% HP) [mutagenic
                  | glow]
112854 | Zot:5    | Gained mutation: You have large cloven feet. [mutagenic
                  | glow]
112923 | Zot:4    | Lost mutation: You are somewhat resistant to further
                  | mutation. [potion of mutation]
112923 | Zot:4    | Lost mutation: You have large cloven feet. [potion of
                  | mutation]
112923 | Zot:4    | Gained mutation: You are very agile. (Dex +8, Str/Int -2)
                  | [potion of mutation]
112923 | Zot:4    | Gained mutation: Your mind is acute. (Int +4, Str/Dex -1)
                  | [potion of mutation]
112924 | Zot:4    | Lost mutation: You have a pair of small antennae on your
                  | head. [potion of mutation]
112924 | Zot:4    | Lost mutation: Your spells are a little harder to cast, but
                  | a little more powerful. [potion of mutation]
112924 | Zot:4    | Gained mutation: Your flesh is cold resistant. (rC+)
                  | [potion of mutation]
112924 | Zot:4    | Gained mutation: You are somewhat resistant to further
                  | mutation. [potion of mutation]
112924 | Zot:4    | Gained mutation: You have a pair of small horns on your
                  | head. [potion of mutation]
113221 | Zot:5    | Noticed an orb of fire
113233 | Zot:5    | Killed an orb of fire
113469 | Zot:5    | Noticed a dread lich
113474 | Zot:5    | Killed a dread lich
113603 | Zot:5    | Noticed an orb of fire
113693 | Zot:5    | Noticed a dread lich
113697 | Zot:5    | Killed a dread lich
113704 | Zot:5    | Killed an orb of fire
113794 | Zot:5    | Noticed an orb of fire
113877 | Zot:5    | Killed an orb of fire
114442 | Zot:5    | Lost mutation: You are somewhat resistant to further
                  | mutation. [potion of mutation]
114442 | Zot:5    | Lost mutation: Your flesh is cold resistant. (rC+) [potion
                  | of mutation]
114442 | Zot:5    | Lost mutation: Your mind is acute. (Int +4, Str/Dex -1)
                  | [potion of mutation]
114442 | Zot:5    | Gained mutation: You have large cloven feet. [potion of
                  | mutation]
114442 | Zot:5    | Gained mutation: Your movements are slightly less
                  | encumbered by armour. (ER -2) [potion of mutation]
114443 | Zot:5    | Lost mutation: You have large cloven feet. [potion of
                  | mutation]
114443 | Zot:5    | Lost mutation: You are very agile. (Dex +8, Str/Int -2)
                  | [potion of mutation]
114443 | Zot:5    | Gained mutation: Your health recovers twice as slowly from
                  | being drained. [potion of mutation]
114443 | Zot:5    | Gained mutation: You are covered in fur. (AC +1) [potion of
                  | mutation]
114444 | Zot:5    | Got the Orb of Zot
114450 | Zot:5    | Noticed Beshoem the pandemonium lord
114850 | D:13     | Noticed Xoyt the pandemonium lord
114887 | D:11     | Noticed Zupliofi the pandemonium lord
115105 | D:$      | Escaped with the Orb!

Illustrated notes

Levels and vault maps discovered:
D:1:      onia_arrival_mini_spirals, layout_loops_ring
D:2:      layout_basic
D:3:      layout_loops_ring, chei_slow_surprise,
          nicolae_gozag_zags_fifth_avenue, mainiacjoe_overflow_cross_hatched,
          serial_shops, nicolae_shop_tiny_real_fake_doors, shop_fountains,
          nicolae_shop_tiny_waterfront, serial_bayou_pond_e, uniq_terence
D:4:      layout_cave_pools, minmay_door_square, bh_walls_and_bars
D:5:      layout_gridville, lemuel_coloured_pillars_altar, lemuel_tele_altar,
          hex_medium
D:6:      layout_basic, makhleb_heckhound_becter, uniq_edmund
D:7:      layout_basic, gammafunk_temple_overflow_arena, marbit_many_paths,
          minmay_temple_entry_crystal_x, grunt_decor_junction, minivault_19,
          grunt_decor_clamped
D:8:      layout_gridville, chequers_serial_rivers_room_b
D:9:      layout_loops_ring, lemuel_crystal_altar,
          mainiacjoe_overflow_small_starburst, okawaru_trees_1,
          serial_bayou_ford_a, uniq_grum
D:10:     layout_roguey, nemelex_diamond_rough_becter,
          overflow_temple_1_default, grunt_lair_entry_orc_guard_hut,
          serial_shops, shop, serial_undead, serial_undead_d, serial_undead_f,
          serial_undead_e, serial_undead_e, serial_undead_d, serial_undead_b
D:11:     hangedman_screamer, layout_loops_ring
D:12:     layout_rooms
D:13:     layout_loops_corners, grunt_vaults_entry_fortified, special_room
          [special_room_bee]
D:14:     layout_small_grid, nicolae_vehumet_altar_sigil
D:15:     gammafunk_enter_depths_forms, layout_basic, lemuel_blue_sif_altar
Temple:   nicolae_temple_ecumenical_triangle
Lair:1:   layout_chaotic_city, hangedman_lair_generics_rect,
          infiniplex_staircase_pool, serial_bayou_shore_a
Lair:2:   layout_concentric_octagons, nicolae_shoals_entry_flooding,
          dreamdust_mushroom_princess, roderic_batcave
Lair:3:   layout_gridlike, nicolae_snake_entry_squirm,
          portal_ice_cave_entry_pillars_1, beast_lair_carwin_7,
          grunt_megastairs_2, uniq_nergalle
Lair:4:   layout_roguey
Lair:5:   hangedman_lair_tendril_chambers, layout_regular_city, wormcave,
          slime_entry_1, lemuel_old_faithful
Shoals:1: layout_shoals, serial_shops, shop, nicolae_shoals_spectral_cove,
          uniq_frances
Shoals:2: layout_shoals, nicolae_shoals_circle_sea_wall,
          hangedman_feature_mirror
Shoals:3: layout_shoals
Shoals:4: shoals_end_hangedman, layout_shoals, shoals_ilsuiw_ice, serial_shops,
          shop, nicolae_shop_pleasant_corner_grove,
          nicolae_shop_overgrown_old_shop, shop, shop
Snake:1:  layout_layer_cave, serial_shops, shop, minmay_shop_mayhem
Snake:2:  layout_chambers, serial_bayou_shore_b
Snake:3:  layout_grid_maze, nicolae_shop_self_help, uniq_vashnia,
          uniq_bai_suzhen
Snake:4:  hellmonk_snake_rune_quicksilver_temple, layout_cave_town,
          grunt_megastairs_3
Orc:1:    layout_caves, basic_altar, lightli_volcano_entry_magma_tube,
          serial_shops, nicolae_shop_tiny_real_fake_doors, mines2_lemuel
Orc:2:    st_orc_ogre_mass, layout_caves, gammafunk_ghost_arena, serial_shops,
          nicolae_shop_advertising_works [nicolae_subvault_shop_adworks],
          uniq_sonja
Elf:1:    layout_geoelf_grid, serial_shops, nicolae_square_shop,
          hangedman_elven_crosses_minicolossus, minivault_25
Elf:2:    elven_hall_of_blades_hangedman_alternative
          [infiniplex_blade_entry_pillars], layout_rooms, basic_altar,
          portal_desolation_entry_nicolae_nacl, enter_trove_2, minmay_shop_star,
          uniq_norris
Elf:3:    minmay_elf_hall_circle, layout_loops_cross, serial_sigils,
          serial_sigils_hangedman_gut, serial_sigils_hangedman_shear,
          serial_sigils_hangedman_writhe, serial_sigils_hangedman_scar,
          nicolae_fountain_basement
Vaults:1: grunt_vaults_twisty, ontoclasm_vaults_fault, nicolae_vaults_diamond_2,
          nicolae_vaults_turnstiles, hangedman_vaults_cutoff, v_misc_1,
          nicolae_vaults_offset_grid_hallway_4, ontoclasm_vaults_idyll,
          vaults_room_ringed_pool, nicolae_vaults_angled_halls,
          ontoclasm_vaults_idyll, nicolae_vaults_trapezoid_3,
          layout_vaults_quadrants, uniq_aizul
Vaults:2: vaults_room_octagon, nicolae_vaults_weapon_check,
          minmay_crypt_entry_simple_box, vaults_mumra_lcd, vaults_mumra_hex,
          nicolae_vaults_ring_of_whatevers, v_misc_11,
          nicolae_vaults_lightning_bolt, nicolae_vaults_trapezoid_lopsided_3,
          nicolae_vaults_hexular_roomagon, minmay_orc_keep,
          nicolae_vaults_double_plus_2, layout_vaults_omnicross
Vaults:3: nicolae_vaults_diamond_2, nicolae_vaults_closet_pinwheel_2,
          nicolae_vaults_apartment_1, nicolae_vaults_network_square,
          grunt_vaults_hallway_short, nicolae_vaults_oozy_zoo,
          grunt_vaults_bifocal, nicolae_vaults_tangram_2,
          nicolae_vaults_more_shelving_1, ontoclasm_vaults_gateway, v_pattern_1,
          serial_library_hellmonk_reading_circle, v_rooms_4,
          layout_vaults_omnibox, serial_shops,
          nicolae_shop_bloodbath_and_beyond, uniq_sojobo
Vaults:4: hangedman_vaults_restitches, nicolae_vaults_little_squares_4,
          v_rooms_2, nicolae_vaults_frosty_reception, hangedman_vaults_pinch,
          vaults_room_hallway, v_pattern_4, nicolae_vaults_tangram_2,
          nicolae_vaults_tetromino_Z_2, ontoclasm_vaults_shuriken,
          nicolae_vaults_diamond_1, layout_vaults_chaotic_city, serial_shops,
          nicolae_shop_real_fake_doors
Vaults:5: serial_shops, uniq_jory
Depths:1: kennysheep_green_arena, layout_honeycomb, minmay_stone_trees_small,
          hell_entry, abyss_entry_glasseish, amcnicky_mini_rare_corridor_liquid,
          nicolae_ru_great_annihilating_truth
Depths:2: minmay_crystal_thing, layout_cave_pools, abyss_entry,
          grunt_hell_entry_dis_mu, serial_rivers,
          chequers_serial_rivers_small_b, chequers_serial_rivers_room_b,
          chequers_serial_rivers_small_3, chequers_serial_rivers_micro_b,
          chequers_serial_rivers_micro_d, rand_demon_pan_entry_3,
          minmay_statues_item
Depths:3: minmay_the_grid_triangle_9x9_recursive_2_mashed
          [minmay_the_grid_triangle_9x9_prize_center,
          minmay_the_grid_triangle_9x9_corrupted_corridor,
          minmay_the_grid_triangle_9x9_sparse_checkered,
          minmay_the_grid_triangle_9x9_negative_grid], layout_gridlike,
          enter_ziggurat_a, abyss_entry_small_statue_room,
          serial_co_window_serial, co_window_of_opportunity_a,
          co_window_corner_a, co_window_of_opportunity_a, co_window_paths_a,
          co_window_paths_b, co_window_cross_1, co_window_corner_b,
          co_window_corner_cb, co_window_of_opportunity_c, co_window_2corner,
          glass_columns_b, glass_columns_b, hangedman_coc_ice_floe,
          uniq_parghit, uniq_josephina
Depths:4: evilmike_zot_entry_gauntlet, layout_cave_shapes,
          rand_demon_pan_entry_1, pf_hell_entry_tar_spiral,
          lemuel_flames_and_gold
Zot:1:    layout_onion, st_stairs_10, st_small_dragon_hoard_5
Zot:2:    layout_twisted_circle, st_stairs_1, hangedman_zot_decor_tridents,
          lemuel_elevator
Zot:3:    layout_basic, lemuel_lake_of_fire, uniq_tiamat
Zot:4:    layout_gridlike, regret_index_zotdec_alabaster_prism
Zot:5:    layout_basic

Skill      XL: |  1  2  3  4  5  6  7  8  9 10 11 12 13 14 15 16 17 18 19 20 21 22 23 24 25 26 27 |
---------------+----------------------------------------------------------------------------------+-----
Spellcasting   | 5 6 7 8 9 10 11 12 13 14 15 16 17 18 19 | 19.5
Invocations    | 1 2 3 4 5 6 7 8 9 10 11 12 13 14 15 16 17 18 19 20 | 20.5
Short Blades   | 1 2 3 5 6 7 8 9 10 11 12 13 14 15 16 17 18 19 | 19.0
Long Blades    | 1 2 3 5 6 7 8 9 10 11 12 13 14 15 17 18 19 21 | 21.5
Axes           | 1 2 3 5 6 7 8 9 10 11 12 13 14 15 16 17 18 19 | 19.0
Maces & Flails | 1 2 3 5 6 7 8 9 10 11 12 13 14 15 16 18 19 20 21 23 | 23.0
Staves         | 1 2 3 5 6 7 8 9 10 11 12 13 14 15 16 17 18 19 | 19.0
Ranged Weapons | 1 2 3 5 6 7 8 9 10 11 12 13 14 15 17 18 19 20 21 23 | 23.0
Throwing       | 1 2 3 5 6 7 8 9 10 11 12 13 14 15 16 17 18 19 | 19.0
Armour         | 1 2 3 5 6 7 8 9 10 11 12 13 14 15 16 17 18 19 | 19.0
Stealth        | 1 2 3 5 6 7 8 9 10 11 12 13 14 15 16 17 18 19 | 19.0
Shields        | 1 2 3 5 6 7 8 9 10 11 12 13 14 15 16 17 18 19 | 19.0
Unarmed Combat | 1 2 3 5 6 7 8 9 10 11 12 13 14 15 16 17 18 19 | 19.0
Evocations     | 1 2 3 5 6 7 8 9 10 11 12 13 14 15 16 17 18 19 | 19.0
Shapeshifting  | 1 2 3 4 5 6 7 8 9 10 11 12 13 14 15 16 17 | 17.6
Hexes          | 1 2 3 4 5 6 7 8 9 10 11 12 13 14 15 16 | 16.2
Summonings     | 1 2 3 4 5 6 7 8 9 10 11 12 13 14 15 16 | 16.2
Necromancy     | 1 2 3 4 5 6 7 8 9 10 11 12 13 14 15 16 | 16.2
Translocations | 1 2 3 4 5 6 7 8 9 10 11 12 13 14 15 16 | 16.2
Fire Magic     | 1 2 3 4 5 6 7 8 9 10 11 12 13 14 15 16 | 16.2
Ice Magic      | 1 2 3 4 5 6 7 8 9 10 11 12 13 14 15 16 | 16.2
Air Magic      | 1 2 3 4 5 6 7 8 9 10 11 12 13 14 15 16 | 16.2
Earth Magic    | 1 2 3 4 5 6 7 8 9 10 11 12 13 14 15 16 | 16.2
Alchemy        | 1 2 3 4 5 6 7 8 9 10 11 12 13 14 15 16 | 16.2
Fighting       | 5 6 7 8 9 10 11 12 13 14 15 16 17 18 19 | 19.5
Dodging        | 5 6 7 8 9 10 11 12 13 14 15 16 17 18 19 | 19.5
Polearms       | 7 8 9 10 11 12 13 14 15 16 17 18 19 | 19.9
Conjurations   | 6 7 8 9 10 11 12 13 14 15 16 17 | 17.0

Action                     |  1- 3 |  4- 6 |  7- 9 | 10-12 | 13-15 | 16-18 | 19-21 | 22-24 | 25-27 || total
---------------------------+-------+-------+-------+-------+-------+-------+-------+-------+-------++-------
  Melee: Spear             |    89 |    65 |       |       |       |       |       |       |     8 ||   162
         Bite              |     3 |    11 |    15 |    41 |    32 |     6 |     4 |     7 |     7 ||   126
         Trident           |       |    54 |   185 |   329 |       |       |       |       |       ||   568
         Punch             |       |     1 |     2 |       |       |       |       |       |       ||     3
         Staff             |       |       |       |    25 |   181 |    47 |    17 |    13 |    20 ||   303
         Morningstar       |       |       |       |       |    11 |       |       |       |       ||    11
         Mace              |       |       |       |       |     4 |     2 |       |    29 |       ||    35
         Unarmed           |       |       |       |       |       |       |     1 |       |       ||     1
  Throw: Dart              |       |     7 |     7 |     8 |     1 |       |       |       |       ||    23
         Boomerang         |       |       |       |       |    51 |    12 |     5 |    12 |       ||    80
         Throwing net      |       |       |       |       |     2 |       |       |       |       ||     2
         Javelin           |       |       |       |       |       |     6 |    24 |    12 |    10 ||    52
   Cast: Momentum Strike   |     4 |     6 |    18 |    28 |     8 |       |       |       |       ||    64
         Hailstorm         |     1 |     9 |    43 |    62 |    64 |    61 |    59 |    39 |     9 ||   347
         Kiss of Death     |     1 |     2 |     1 |     2 |       |       |       |       |       ||     6
         Sting             |       |       |    31 |    18 |    35 |    12 |       |       |       ||    96
         Mercury Vapours   |       |       |     7 |       |    55 |    42 |     2 |     2 |     2 ||   110
         Olgreb's Toxic Ra |       |       |     3 |    44 |    49 |    60 |    67 |    62 |    13 ||   298
         Blink             |       |       |       |     4 |     1 |     2 |     2 |       |     1 ||    10
         Iskenderun's Myst |       |       |       |    18 |   141 |    31 |    32 |    21 |    20 ||   263
         Fulminant Prism   |       |       |       |    11 |   215 |    58 |       |       |       ||   284
         Ozocubu's Armour  |       |       |       |     1 |     4 |     3 |     5 |     1 |       ||    14
         Sublimation of Bl |       |       |       |       |    18 |    62 |   102 |    95 |    62 ||   339
         Irradiate         |       |       |       |       |    35 |    65 |    89 |    97 |    70 ||   356
         Plasma Beam       |       |       |       |       |       |   409 |   270 |   449 |   394 ||  1522
         Metabolic Englaci |       |       |       |       |       |    34 |   118 |    91 |    19 ||   262
         Fireball          |       |       |       |       |       |     9 |    21 |     2 |       ||    32
         Stone Arrow       |       |       |       |       |       |       |   141 |    64 |    23 ||   228
         Ignite Poison     |       |       |       |       |       |       |    36 |    96 |    28 ||   160
         Bombard           |       |       |       |       |       |       |       |    83 |    95 ||   178
 Invoke: Potion Petition   |       |       |       |       |       |     1 |     1 |    10 |     4 ||    16
         Call Merchant     |       |       |       |       |       |       |       |     5 |       ||     5
  Evoke: Wand              |       |       |     1 |    29 |     7 |    25 |    11 |     6 |    11 ||    90
         Tin of tremorston |       |       |       |       |       |       |       |     2 |       ||     2
         Phantom mirror    |       |       |       |       |       |       |       |     1 |       ||     1
    Use: Scroll            |       |       |     6 |     8 |    19 |    13 |    11 |    27 |    11 ||    95
         Potion            |       |       |     4 |     7 |     5 |     6 |     8 |    18 |    40 ||    88
   Stab: Sleeping          |     3 |     5 |     4 |     3 |     3 |       |       |       |       ||    18
         Distracted        |       |       |     1 |     1 |     2 |       |       |       |       ||     4
         Invisible         |       |       |       |       |       |       |       |     3 |       ||     3
 Armour: Leather armour    |     5 |       |       |       |       |       |       |       |       ||     5
         Robe              |    12 |    32 |    94 |   272 |   229 |   191 |   169 |   245 |       ||  1244
         Skin              |       |       |    64 |    58 |       |       |     3 |       |       ||   125
         Gold dragon scale |       |       |       |       |       |       |       |     5 |    82 ||    87
         Fire dragon scale |       |       |       |       |       |       |       |       |   239 ||   239
  Dodge: Dodged            |    28 |    47 |    95 |   215 |   199 |   135 |   118 |   178 |   120 ||  1135
         Repelled          |       |       |       |       |       |    15 |     6 |    18 |     1 ||    40
  Block: Buckler           |       |       |     6 |    97 |    92 |    30 |       |       |       ||   225
         Tower shield      |       |       |       |       |       |   223 |   229 |       |       ||   452
         Reflection        |       |       |       |       |       |    30 |    62 |    18 |     9 ||   119
         Kite shield       |       |       |       |       |       |       |    73 |   318 |   327 ||   718
         Other             |       |       |       |       |       |       |     1 |       |       ||     1
